 Dungeon Crawl Stone Soup version 0.21-a0-150-gc243083 (webtiles) character file.

58 vineage the Shield-Bearer (level 3, 0/33 HPs)
             Began as a Minotaur Fighter on July 27, 2017.
             Slain by an orc priest
             ... wielding a +0 flail
              (5 damage)
             ... on level 3 of the Dungeon.
             The game lasted 00:02:42 (1542 turns).

vineage the Shield-Bearer (Minotaur Fighter)        Turns: 1542, Time: 00:02:46

Health: 0/33       AC:  7    Str: 21    XL:     3   Next: 75%
Magic:  2/2        EV:  7    Int:  5    God:
Gold:   87         SH:  9    Dex:  9    Spells: 2/2 levels left

rFire    . . .     SeeInvis .   a - +0 trident
rCold    . . .     Gourm    +   c - +0 shield
rNeg     . . .     Faith    .   b - +0 scale mail
rPois    .         Spirit   .   (helmet restricted)
rElec    .         Reflect  .   (no cloak)
rCorr    .         Harm     .   (no gloves)
MR       .....                  (no boots)
Stlth    ..........             g - amulet of the gourmand
HPRegen  0.11/turn              l - ring of flight
MPRegen  0.08/turn              (no ring)

@: no status effects
A: retaliatory headbutt, horns 2
a: Evoke Flight


You were on level 3 of the Dungeon.
You were not hungry.

You visited 1 branch of the dungeon, and saw 3 of its levels.

You collected 87 gold pieces.

Inventory:

Hand Weapons
 a - a +0 trident (weapon)
Armour
 b - a +0 scale mail (worn)
 c - a +0 shield (worn)
Jewellery
 g - an amulet of the gourmand (around neck)
 l - a ring of flight (left hand)
Scrolls
 e - a scroll of immolation {unknown}
 m - 3 scrolls of identify
 n - a scroll of fog {unknown}
 o - 2 scrolls of remove curse {unknown}
 q - a scroll of random uselessness {unknown}
 s - a scroll of blinking
Potions
 d - 2 potions of might
 h - a potion of degeneration {unknown}
 i - 2 potions of curing
 k - 2 potions of flight
 p - a potion of lignification {unknown}
 t - a potion of haste {unknown}
Comestibles
 f - 3 bread rations
 j - 2 fruits
 r - a royal jelly


   Skills:
 + Level 4.1 Fighting
 + Level 3.3 Polearms
 + Level 4.2 Armour
 + Level 4.2 Shields


You had 2 spell levels left.
You didn't know any spells.

Dungeon Overview and Level Annotations

Branches:
Dungeon (3/15)

Altars:
Ashenzari
Gozag
Nemelex Xobeh
Xom


Innate Abilities, Weirdness & Mutations

You reflexively headbutt those who attack you in melee.
You have a pair of horns on your head.


Message History

The orc is heavily wounded.
The orc barely misses you.
You hit the orc.
The orc is heavily wounded.
The orc hits you but does no damage.
You hit the orc.
You kill the orc!
The orc priest invokes the aid of Beogh against you.
Pain shoots through your body!
Attack whom?
Press: ? - help, Dir - move target cursor, f - orc priest
Aim: an orc priest, wielding a flail You reach to attack!
You closely miss the orc priest.
You hit the orc priest but do no damage.
Your headbutt misses the orc priest.
The orc priest invokes the aid of Beogh against you.
Beogh smites you!
* * * LOW HITPOINT WARNING * * *
You block the orc's attack. The orc priest hits you with a flail.
You die...

####### #.....##
.#.##...####.###
#........@oo.....
#...##...####.###
........#####.###
#...###..........
#.. #......>...
#.. #..####....
#...###..# ##
.........##
...[......#


You could see an orc priest and an orc.

Vanquished Creatures
  3 adders (D:2)
  A dart slug (D:1)
  A leopard gecko (D:1)
  2 orcs (D:3)
  2 goblins
  3 hobgoblins
  3 kobolds
  5 bats
  2 frilled lizards (D:1)
  5 rats
27 creatures vanquished.

Notes
Turn   | Place    | Note
-------+----------+-------------------------------------------
     0 | D:1      | vineage the Minotaur Fighter began the quest for the Orb.
     0 | D:1      | Reached XP level 1. HP: 19/19 MP: 0/0
   337 | D:1      | Reached XP level 2. HP: 26/27 MP: 1/1
  1094 | D:2      | Reached XP level 3. HP: 32/33 MP: 2/2
  1186 | D:2      | Found a sparkling altar of Nemelex Xobeh.
  1232 | D:2      | Found an opulent altar of Gozag.
  1234 | D:2      | Found a shimmering altar of Xom.
  1335 | D:2      | Found a shattered altar of Ashenzari.
  1542 | D:3      | Slain by an orc priest

Vault maps used:
D:1:      dpeg_arrival_rooms_with_view, serial_forest,
          infiniplex_forest_lined_2, infiniplex_forest_lined_room_2,
          infiniplex_forest_lined_1, infiniplex_forest_clump_long,
          infiniplex_forest_lined_4_way, infiniplex_forest_straight_2
D:2:      lemuel_doored_altar, amethyst_overflow_temple_binary,
          ashenzari_altar_1
D:3:      grunt_temple_overflow_open

Skill      XL: |  1  2 |
---------------+-------+-----
Armour         | 4 |  4.2
Shields        | 4 |  4.2
Fighting       | 4 |  4.1
Polearms       | 3 |  3.3

Action                   || total
-------------------------++-------
Melee: Trident           ||    76
       Headbutt          ||     6
  Use: Scroll            ||     5
  Eat: Chunk             ||     2
Armor: Scale mail        ||    25
Dodge: Dodged            ||    17
Block: Shield            ||    24
